 Dungeon Crawl Stone Soup version 0.26-a0-200-g62faa89a7e (webtiles) character file.

Game seed: 17586157789674375149

5 Gargoyl the Skirmisher (level 1, -10/19 HPs)
             Began as a Centaur Abyssal Knight on July 5, 2020.
             Was a Follower of Lugonu.
             Mangled by a chaos spawn (14 damage)
             ... on level 1 of the Abyss.
             The game lasted 00:01:27 (331 turns).

Gargoyl the Skirmisher (Centaur Abyssal Knight)      Turns: 331, Time: 00:01:28

Health: -10/19     AC:  4    Str: 14    XL:     1   Next: 66%
Magic:  2/2        EV:  9    Int: 11    God:    Lugonu [*.....]
Gold:   0          SH:  0    Dex:  8    Spells: 0/0 levels left

rFire    . . .     SeeInvis .   a - +1 hand axe
rCold    . . .     Faith    .   (no shield)
rNeg     . . .     Spirit   .   b - +0 leather armour
rPois    .         Reflect  .   (no helmet)
rElec    .         Harm     .   (no cloak)
rCorr    .                      (no gloves)
MR       .....                  (no barding)
Stlth    ..........             (no amulet)
HPRegen  0.06/turn              (no ring)
MPRegen  0.08/turn              (no ring)

@: very quick
A: large, hooves 3, deformed body, speed 2, tough skin 3
a: Depart the Abyss, Renounce Religion


You were on level 1 of the Abyss.
You worshipped Lugonu.
Lugonu was aware of your devotion.
You were not hungry.

You visited 0 branches of the dungeon, and saw 0 of its levels.
You visited the Abyss 1 time.

Inventory:

Hand Weapons
 a - a +1 hand axe (weapon)
Armour
 b - a +0 leather armour (worn)
Comestibles
 c - a ration


   Skills:
 + Level 3.2 Fighting
 + Level 1.8 Axes
 + Level 1.4 Armour
 + Level 0.6 Dodging
 + Level 2.0 Invocations


You couldn't memorise any spells.
You didn't know any spells.
Your spell library was empty.

Dungeon Overview and Level Annotations

Branches:
Dungeon (0/15)

Altars:


Innate Abilities, Weirdness & Mutations

You have hooves in place of feet.
Armour fits poorly on your strangely shaped body.
You cover ground very quickly.
You have extremely tough skin. (AC +3)


Message History

You start resting.
The chaos spawn is too close now for your liking.
You hit the chaos spawn but do no damage.
The chaos spawn gores you.
You barely miss the chaos spawn. The chaos spawn barely misses you.
You hit the chaos spawn but do no damage.
Your kick misses the chaos spawn.
The chaos spawn gores you but does no damage.
The sky beast flickers out of sight!
Deactivating autopickup; reactivate with Ctrl-A.
The chaos spawn closely misses you.
You hit the chaos spawn. You kick the chaos spawn.
The chaos spawn is lightly wounded.
A sky beast appears from thin air!
Reactivating autopickup.
The chaos spawn gores you.
* * * LOW HITPOINT WARNING * * *
The chaos spawn freezes you!
Ouch! That really hurt!
You die...

# ### ....# ###Y#.# .
##.### . .#.# ##. ## #.
..4.#.#...
###.....#.#...##..##..#
#.#..# #..4 #.####. ##.
#. ...#...#####.. .#. #
# #.##...# # . ..
#..##### . .##.# #
.##@## # #### #.#4Y# ##
. .. ##.ยง## ####


You could see a chaos spawn and a sky beast.

Vanquished Creatures
  An ufetubus (Abyss:1)
1 creature vanquished.

Notes
Turn   | Place    | Note
-------+----------+-------------------------------------------
     0 | Abyss:1  | Gargoyl the Centaur Abyssal Knight began the quest for the
                  | Orb.
     0 | Abyss:1  | Reached XP level 1. HP: 19/19 MP: 2/2
    43 | Abyss:1  | Noticed a large abomination
    43 | Abyss:1  | Noticed a bone dragon
   121 | Abyss:1  | Noticed a chaos spawn
   158 | Abyss:1  | Noticed a chaos spawn
   172 | Abyss:1  | Noticed an orange demon
   178 | Abyss:1  | Noticed a lich
   263 | Abyss:1  | Noticed a large abomination
   292 | Abyss:1  | Noticed a sky beast
   301 | Abyss:1  | Noticed a chaos spawn
   331 | Abyss:1  | Mangled by a chaos spawn

Illustrated notes

Levels and vault maps discovered:
Abyss:1

Action                   || total
-------------------------++-------
Melee: Hand axe          ||    12
       Kick              ||     2
  Use: Scroll            ||     2
Armor: Leather armour    ||     4
Dodge: Dodged            ||    16

Table legend:
 A = Non-vault XP
 B = Vault XP
 C = Vault XP percentage of total XP
 D = Non-vault monster count
 E = Vault monster count
 F = Vault count percentage of total count
                 A         B        C        D         E       F
            +---------+---------+-------+---------+---------+-------
      Total |       8 |       0 |   0.0 |       1 |       0 |   0.0
            +---------+---------+-------+---------+---------+-------
    Abyss:1 |       8 |       0 |   0.0 |       1 |       0 |   0.0
            +---------+---------+-------+---------+---------+-------
